 Dungeon Crawl Stone Soup version 0.29-a0-911-g88e6f02907 (webtiles) character file.

Game seed: 5128553525490045960

1021 leavemydog the Shield-Bearer (level 8, -2/67 HPs)
             Began as a Gnoll Fighter on July 25, 2022.
             Slain by a seven-headed hydra (5 damage)
             ... on level 6 of the Dungeon.
             The game lasted 00:07:42 (4529 turns).

leavemydog the Shield-Bearer (Gnoll Fighter)        Turns: 4529, Time: 00:07:44

Health: -2/67      AC: 12    Str: 18    XL:     8   Next: 22%
Magic:  12/12      EV: 10    Int:  8    God:
Gold:   145        SH:  5    Dex: 11    Spells: 13/13 levels left

rFire   . . .      SeeInvis .   a - +1 war axe
rCold   . . .      Faith    .   c - +0 buckler
rNeg    . . .      Spirit   .   b - +0 scale mail
rPois   .          Reflect  .   p - +0 helmet
rElec   .          Harm     .   (no cloak)
rCorr   .          Rampage  .   (no gloves)
Will    .....                   t - +2 pair of boots
Stlth   +.........              (no amulet)
HPRegen 0.21/turn               (no ring)
MPRegen 0.13/turn               (no ring)

@: about to teleport
A: fangs 1, strong nose, distributed training
a: no special abilities


You were on level 6 of the Dungeon.
You visited 1 branch of the dungeon, and saw 6 of its levels.

You collected 145 gold pieces.

Inventory:

Hand Weapons
 a - a +1 war axe (weapon)
 h - a +0 club
Armour
 b - a +0 scale mail (worn)
 c - a +0 buckler (worn)
 p - a +0 helmet (worn)
 t - a +2 pair of boots (worn)
Jewellery
 l - a ring of fire
 r - an amulet of the acrobat
Wands
 j - a wand of polymorph (7)
 q - a wand of charming (13)
Scrolls
 e - a scroll of fear
 f - 2 scrolls of enchant weapon
 k - a scroll of vulnerability
 o - a scroll of blinking
Potions
 d - 2 potions of might
 i - 3 potions of berserk rage
 n - a potion of heal wounds
 s - a potion of flight
 u - a potion of cancellation
 v - a potion of attraction


   Skills:
 + Level 7.3 Fighting
 + Level 3.2 Short Blades
 + Level 3.2 Long Blades
 + Level 5.6 Axes
 + Level 3.2 Maces & Flails
 + Level 3.2 Polearms
 + Level 3.2 Staves
 + Level 3.2 Ranged Weapons
 + Level 3.2 Throwing
 + Level 7.3 Armour
 + Level 3.2 Dodging
 + Level 3.2 Stealth
 + Level 7.3 Shields
 + Level 3.2 Unarmed Combat
 + Level 3.2 Spellcasting
 + Level 2.6 Conjurations
 + Level 2.6 Hexes
 + Level 2.6 Summonings
 + Level 2.6 Necromancy
 + Level 2.6 Translocations
 + Level 2.6 Transmutations
 + Level 2.6 Fire Magic
 + Level 2.6 Ice Magic
 + Level 2.6 Air Magic
 + Level 2.6 Earth Magic
 + Level 2.6 Poison Magic
 + Level 3.5 Invocations
 + Level 3.2 Evocations


You had 13 spell levels left.
You didn't know any spells.
Your spell library contained the following spells:

 Spells                   Type           Power      Damage    Failure   Level
 Stone Arrow              Conj/Erth      10%        3d7       75%         3
 Animate Armour           Summ/Erth      10%        N/A       98%         4
 Corpse Rot               Necr/Pois/Air  5%         N/A       98%         4
 Dispel Undead            Necr           5%         3d7       98%         4
 Death Channel            Necr           2%         N/A       100%        6
 Lehudib's Crystal Spear  Conj/Erth      2%         10d2      100%        8


Dungeon Overview and Level Annotations

Branches:
Dungeon (7/15)
 Temple: D:4-7

Altars:
Elyvilon
Hepliaklqana
Uskayaw
Vehumet

Shops:
D:3 =


Innate Abilities, Weirdness & Mutations

You have very sharp teeth.
Your uncanny sense of smell can sniff out nearby items.
Your experience applies equally to all skills.


Message History

Something hits you. x2
Something hits you but does no damage. Something hits you. Something hits you.
You closely miss something.
Something hits you but does no damage. x2
Something hits you but does no damage.
The seven-headed hydra bites you but does no damage. x2
The seven-headed hydra bites you!
* * * LOW HITPOINT WARNING * * *
The seven-headed hydra barely misses you.
The seven-headed hydra bites you.
* * * LOW HITPOINT WARNING * * *
The seven-headed hydra bites you but does no damage.
You block the seven-headed hydra's attack.
The seven-headed hydra attacks as you move away!
The seven-headed hydra bites you but does no damage. x4
You block the seven-headed hydra's attack. x2
The seven-headed hydra closely misses you.
Something hits you but does no damage.
There is a stone staircase leading up here.
Something hits you but does no damage.
The seven-headed hydra bites you but does no damage. x4
You block the seven-headed hydra's attack. x2
The seven-headed hydra bites you!
* * * LOW HITPOINT WARNING * * *
You climb upwards.
The orc warrior shouts!
The orc shouts! x2
Reactivating autopickup.
You hear a shout!
An orc comes into view. It is wielding a +0 whip.
Found a stone staircase leading up.
There is a stone staircase leading down here.
As you read the scroll of teleportation, it crumbles to dust.
You feel strangely unstable.
An ufetubus comes into view.
The seven-headed hydra completely misses you.
You block the seven-headed hydra's attack.
The seven-headed hydra barely misses you.
The seven-headed hydra bites you.
You die...

#..∆ .# #..
.###### .<.
....... #..
.....
###..##...5
#..o.....#
#.oo.D...##...
#o@.......
##....#...
.##...... ..
.....# #..
....# ##.
.##.# #. # .
..


You could see a seven-headed hydra, an orc warrior, 3 orcs and an ufetubus
(wandering).

Vanquished Creatures
  2 water moccasins (D:7)
  2 sky beasts (D:7)
  An orc warrior (D:7)
  A phantom (D:7)
  A necrophage (D:7)
  A bullfrog (D:7)
  A scorpion (D:7)
  A hound (D:7)
  An iguana (D:4)
  3 orc wizards (D:7)
  Robin (D:3)
  A gnoll (D:6)
  4 adders (D:2)
  A white imp (D:7)
  An ufetubus (D:6)
  A worm (D:2)
  2 dart slugs
  5 orcs (D:7)
  3 endoplasms
  3 giant cockroaches
  9 hobgoblins
  3 jackals (D:1)
  2 quokkas (D:2)
  10 bats
  4 frilled lizards
  7 goblins
  5 kobolds
  3 rats
79 creatures vanquished.

Vanquished Creatures (others)
  A plant (D:4)
1 creature vanquished.

Grand Total: 80 creatures vanquished

Notes
Turn   | Place    | Note
-------+----------+-------------------------------------------
     0 | D:1      | leavemydog the Gnoll Fighter began the quest for the Orb.
     0 | D:1      | Reached XP level 1. HP: 23/23 MP: 1/1
   260 | D:1      | Reached XP level 2. HP: 28/29 MP: 2/2
   536 | D:1      | Reached XP level 3. HP: 35/35 MP: 3/3
   651 | D:1      | Found a faded altar of an unknown god.
   959 | D:2      | Reached skill level 1 in Invocations
  1336 | D:2      | Reached skill level 1 in Short Blades
  1336 | D:2      | Reached skill level 1 in Long Blades
  1336 | D:2      | Reached skill level 1 in Maces & Flails
  1336 | D:2      | Reached skill level 1 in Polearms
  1336 | D:2      | Reached skill level 1 in Staves
  1336 | D:2      | Reached skill level 1 in Ranged Weapons
  1336 | D:2      | Reached skill level 1 in Throwing
  1336 | D:2      | Reached skill level 1 in Dodging
  1336 | D:2      | Reached skill level 1 in Stealth
  1336 | D:2      | Reached skill level 1 in Unarmed Combat
  1336 | D:2      | Reached skill level 1 in Spellcasting
  1336 | D:2      | Reached skill level 1 in Evocations
  1511 | D:2      | Reached XP level 4. HP: 41/41 MP: 5/5
  1596 | D:2      | Reached skill level 1 in Conjurations
  1596 | D:2      | Reached skill level 1 in Hexes
  1596 | D:2      | Reached skill level 1 in Summonings
  1596 | D:2      | Reached skill level 1 in Necromancy
  1596 | D:2      | Reached skill level 1 in Translocations
  1596 | D:2      | Reached skill level 1 in Transmutations
  1596 | D:2      | Reached skill level 1 in Fire Magic
  1596 | D:2      | Reached skill level 1 in Ice Magic
  1596 | D:2      | Reached skill level 1 in Air Magic
  1596 | D:2      | Reached skill level 1 in Earth Magic
  1596 | D:2      | Reached skill level 1 in Poison Magic
  1895 | D:3      | Noticed Robin
  1907 | D:3      | Killed Robin
  2131 | D:3      | Found a radiant altar of Vehumet.
  2331 | D:3      | Found Veshae's Jewellery Shop.
  2385 | D:3      | Found a hazy altar of Hepliaklqana.
  2804 | D:4      | Found a hide-covered altar of Uskayaw.
  2811 | D:4      | Reached XP level 5. HP: 47/47 MP: 7/7
  2818 | D:4      | You fall into a shaft and drop 2 floors!
  2937 | D:6      | HP: 2/47 [gnoll sergeant/+0 vorpal spear (1)]
  2953 | D:6      | Noticed a phantom
  3243 | D:7      | Noticed a sky beast
  3243 | D:7      | Noticed a water moccasin
  3255 | D:7      | Killed a phantom
  3256 | D:7      | Reached skill level 5 in Axes
  3256 | D:7      | Reached XP level 6. HP: 18/53 MP: 7/9
  3257 | D:7      | Killed a water moccasin
  3265 | D:7      | Killed a sky beast
  3266 | D:7      | Reached XP level 7. HP: 20/60 MP: 8/10
  3661 | D:7      | Found a white marble altar of Elyvilon.
  3856 | D:7      | Reached XP level 8. HP: 53/67 MP: 12/12
  4046 | D:7      | Noticed a seven-headed hydra
  4507 | D:7      | Noticed a vampire
  4527 | D:7      | HP: 3/67 [seven-headed hydra (10)]
  4529 | D:6      | Slain by a seven-headed hydra

Illustrated notes

Levels and vault maps discovered:
D:1:      dpeg_arrival_tiny_b, layout_rooms, chequers_ecumenical_altar_grove,
          st_stairs_11, minivault_5
D:2:      layout_basic, amcnicky_mini_corridor_feature, hex_tiny, minivault_4
D:3:      layout_basic, nicolae_hepliaklqana_hazy_memory, vehumet_crystals,
          serial_shops, shop, uniq_robin
D:4:      layout_rooms, overflow_temple_1_default,
          gammafunk_temple_overflow_pools, serial_bayou_lake_a, uniq_edmund,
          uniq_blork_the_orc
D:6:      layout_cave_pools, mainiacjoe_overflow_alcove_1,
          nicolae_zen_rock_garden
D:7:      minmay_slanted_spiral_squares, layout_layer_cave,
          mainiacjoe_overflow_brackets

Skill      XL: |  1  2  3  4  5  6  7 |
---------------+----------------------+-----
Invocations    | 1 2 3 |  3.5
Short Blades   | 1 2 3 |  3.2
Long Blades    | 1 2 3 |  3.2
Maces & Flails | 1 2 3 |  3.2
Polearms       | 1 2 3 |  3.2
Staves         | 1 2 3 |  3.2
Ranged Weapons | 1 2 3 |  3.2
Throwing       | 1 2 3 |  3.2
Dodging        | 1 2 3 |  3.2
Stealth        | 1 2 3 |  3.2
Unarmed Combat | 1 2 3 |  3.2
Spellcasting   | 1 2 3 |  3.2
Evocations     | 1 2 3 |  3.2
Conjurations   | 1 2 |  2.6
Hexes          | 1 2 |  2.6
Summonings     | 1 2 |  2.6
Necromancy     | 1 2 |  2.6
Translocations | 1 2 |  2.6
Transmutations | 1 2 |  2.6
Fire Magic     | 1 2 |  2.6
Ice Magic      | 1 2 |  2.6
Air Magic      | 1 2 |  2.6
Earth Magic    | 1 2 |  2.6
Poison Magic   | 1 2 |  2.6
Axes           | 5 |  5.6
Fighting       | 7 |  7.3
Armour         | 7 |  7.3
Shields        | 7 |  7.3

Action                   |  1- 3 |  4- 6 |  7- 9 || total
-------------------------+-------+-------+-------++-------
Melee: War axe           |   108 |    99 |    71 ||   278
       Bite              |     7 |    10 |     7 ||    24
  Use: Scroll            |       |     4 |     9 ||    13
       Potion            |       |     2 |       ||     2
Armor: Scale mail        |    58 |    69 |    56 ||   183
Dodge: Dodged            |    61 |    56 |    36 ||   153
Block: Buckler           |    53 |    36 |    28 ||   117

Table legend: (Time is in decaauts)
 A = Elapsed time spent in this place.
 B = Non-inter-level travel time spent in this place.
 C = Inter-level travel time spent in this place.
 D = Time resting spent in this place.
 E = Time spent auto-exploring this place.
 F = Levels seen in this place.
 G = Mean time per level.
                   A        B        C        D        E       F      G
               +--------+--------+--------+--------+--------+-----+--------+
         Total |   4610 |   4392 |    218 |    596 |   3009 |   6 |  768.3 |
       Dungeon |   4610 |   4392 |    218 |    596 |   3009 |   6 |  768.3 |
               +--------+--------+--------+--------+--------+-----+--------+

Top non-repeatable levels by time:
     D:7: 1592 daAuts
     D:1: 1052 daAuts
     D:3: 920 daAuts
     D:2: 877 daAuts
     D:6: 147 daAuts
     D:4: 20 daAuts
